 Dungeon Crawl Stone Soup version 0.16.1-17-g773cdaf (webtiles) character file.

126 siklytwist3d the Chopper (level 4, -1/41 HPs)
             Began as a Minotaur Berserker on Apr 22, 2015.
             Was a Believer of Trog.
             Killed from afar by an orc wizard (5 damage)
             ... with a puff of flame
             ... on level 3 of the Dungeon.
             The game lasted 00:13:48 (2523 turns).

siklytwist3d the Chopper (Minotaur Berserker)       Turns: 2523, Time: 00:13:48

Health: -1/41      AC:  5    Str: 22    XL:     4   Next: 84%
Magic:  2/2        EV: 13    Int:  4    God:    Trog [**....]
Gold:   117        SH:  0    Dex: 10    Spells: 0 memorised, 3 levels left

rFire  . . .     SeeInvis .     h - +4 whip
rCold  . . .     Clarity  .     b - +0 animal skin
rNeg   . . .     SustAb   .     (no shield)
rPois  +         Gourm    .     (helmet restricted)
rElec  .         Spirit   .     q - +2 cloak {rPois}
rCorr  .         Warding  .     (no gloves)
rMut   .         Stasis   .     (no boots)
MR     .....                    (no amulet)
Stlth  +.........               (no ring)
                                (no ring)

@: not resistant to hostile enchantments, very unstealthy
A: retaliatory headbutt, horns 2
a: Burn Spellbooks, Berserk, Trog's Hand, Renounce Religion


You were on level 3 of the Dungeon.
You worshipped Trog.
Trog was pleased with you.
You were very hungry.

You visited 1 branch of the dungeon, and saw 3 of its levels.

You collected 117 gold pieces.

Inventory:

Hand weapons
 a - a +0 hand axe
 e - a +0 club
 g - a +0 club
 h - a +4 whip (weapon)
Armour
 b - a +0 animal skin (worn)
 p - a +0 scale mail
 q - a +2 cloak of poison resistance (worn)
Jewellery
 s - an uncursed ring of sustain abilities (quivered) {unknown}
Scrolls
 i - a scroll of identify {unknown}
 l - 3 scrolls of enchant weapon {unknown}
 m - a scroll of enchant armour {unknown}
 o - a scroll of teleportation {unknown}
 r - a scroll of noise {unknown}
Potions
 d - a potion of might {unknown}
 j - a potion of curing {unknown}
 k - 2 potions of restore abilities {unknown}
 n - a potion of haste {unknown}
Comestibles
 c - a bread ration
 f - a meat ration


   Skills:
 + Level 4.4 Fighting
 + Level 4.7 Axes
 + Level 2.5 Armour
 + Level 3.9 Dodging
 + Level 1.0 Stealth


You had 3 spell levels left.
You didn't know any spells.

Dungeon Overview and Level Annotations

Branches:
Dungeon (3/15)

Altars:
Makhleb
Okawaru
Qazlal
Xom


Innate Abilities, Weirdness & Mutations

You reflexively headbutt those who attack you in melee.
You have a pair of horns on your head.


Message History

You hear some strange, mumbled words.
The puff of flame hits you!
You continue eating.
Something hits you.
You continue eating.
Something hits you.
* * * LOW HITPOINT WARNING * * *
You see here a hand axe.
You hear some strange, mumbled words.
The puff of flame hits you!
* * * LOW HITPOINT WARNING * * *
You are too injured to fight recklessly!
You are too injured to fight recklessly!
You are too injured to fight recklessly!
You are too injured to fight recklessly!
You are too injured to fight recklessly!
You are too injured to fight recklessly!
You hear some strange, mumbled words.
The puff of flame hits you!
You die...

..... .#.##... .
...... ......#.
.
...#..###......
.# .......
.....# ..#
........###..#
.. #....##..#.#
##.#)#)...>##.#
#)){.<..........
#..@†.>....##..
#..........#
#...........[.
#...........$.##
##............#
##..#........
#.###...... ..
...... ##. .#..


There were no monsters in sight!

Vanquished Creatures
  5 adders
  3 worms (D:2)
  3 giant geckos
  An ooze (D:2)
  4 orcs (D:3)
  9 bats
  2 giant cockroaches
  4 hobgoblins
  A quokka (D:3)
  A giant newt (D:1)
  8 goblins
  3 jackals (D:2)
  9 kobolds
  7 rats
60 creatures vanquished.

Notes
Turn   | Place    | Note
--------------------------------------------------------------
     0 | D:1      | siklytwist3d, the Minotaur Berserker, began the quest for the Orb.
     0 | D:1      | Reached XP level 1. HP: 19/19 MP: 1/1
   327 | D:1      | Reached skill level 4 in Axes
   481 | D:1      | Reached XP level 2. HP: 27/27 MP: 1/1
  1263 | D:2      | Reached XP level 3. HP: 30/33 MP: 2/2
  1400 | D:2      | Found an iron altar of Okawaru.
  1553 | D:2      | Acquired Trog's second power
  1774 | D:2      | Reached XP level 4. HP: 33/40 MP: 2/2
  1984 | D:2      | Found a burning altar of Makhleb.
  1992 | D:2      | Found a stormy altar of Qazlal.
  2000 | D:2      | Found a shimmering altar of Xom.
  2505 | D:3      | Reached skill level 1 in Stealth
  2523 | D:3      | Killed from afar by an orc wizard

Action                   |  1- 3 |  4- 6 || total
-------------------------+-------+-------++-------
Melee: Hand axe          |    82 |    20 ||   102
       Whip              |       |    20 ||    20
  Eat: Chunk             |     3 |     1 ||     4
